 Dungeon Crawl Stone Soup version 0.20.1-1-g8b1a95d (webtiles) character file.

856 Monsterracer the Skirmisher (level 7, 0/56 HPs)
             Began as a Demonspawn Chaos Knight on Aug 10, 2017.
             Was a Priest of Ru.
             Succumbed to poison (poison gas)
             ... on level 5 of the Dungeon.
             The game lasted 00:07:19 (3955 turns).

Monsterracer the Skirmisher (DsCK)                  Turns: 3955, Time: 00:07:20

Health: 0/56       AC:  6    Str: 14    XL:     7   Next: 70%
Magic:  7/7        EV: 13    Int: 11    God:    Ru [***...]
Gold:   124        SH:  0    Dex: 16    Spells: 6/6 levels left

rFire    . . .     SeeInvis .   a - +0 hand axe (chaos)
rCold    . . .     Gourm    .   (no shield)
rNeg     . . .     Faith    .   b - +3 leather armour
rPois    .         Spirit   .   (helmet restricted)
rElec    .         Reflect  .   (no cloak)
rCorr    .         Harm     .   (no gloves)
MR       .....                  (no boots)
Stlth    ++........             (no amulet)
Regen    0.2/turn               k - ring of stealth
MPRegen  0.1/turn               q - +3 ring of dexterity

@: lethally poisoned (0 -> -7)
A: horns 2, talons 1, blurry vision 1, dopey 1, high mp 1, spiny 2, evolution 1,
no potion heal 1, inability to use devices, MP-powered wands
a: Draw Out Power, Renounce Religion


You were on level 5 of the Dungeon.
You worshipped Ru.
Ru was most pleased with you.
You were not hungry.

You visited 1 branch of the dungeon, and saw 5 of its levels.

You collected 208 gold pieces.
You spent 84 gold pieces at shops.

Inventory:

Hand Weapons
 a - a +0 hand axe of chaos (weapon)
Armour
 b - a +3 leather armour (worn)
 l - a +0 plate armour
 n - a +0 chain mail
Jewellery
 k - a ring of stealth (left hand)
 q - a +3 ring of dexterity (right hand)
Scrolls
 e - 2 scrolls of magic mapping
 h - 3 scrolls of identify
 i - a scroll of amnesia
Potions
 j - a potion of flight
 m - 3 potions of agility
 r - a potion of magic
Comestibles
 c - 3 bread rations
 d - 3 meat rations
 f - 2 fruits
 g - 2 royal jellies
 s - 2 chunks of flesh


   Skills:
 * Level 5.6 Fighting
 * Level 5.3 Axes
 + Level 3.7 Armour
 + Level 3.4 Dodging


You had 6 spell levels left.
You didn't know any spells.

Dungeon Overview and Level Annotations

Branches:
Dungeon (5/15)             Temple (0/1) D:4

Altars:
Fedhas
Hepliaklqana
Nemelex Xobeh
Ru
Trog

Shops:
D:4 !


Innate Abilities, Weirdness & Mutations

You have a pair of horns on your head.
You are dopey. (Int -2)
You are mostly covered in sharp spines.
You cannot study or use magical devices.
You have sharp toenails.
Scrolls take you a little longer to read.
You have an increased reservoir of magic. (+10% MP)
You evolve.
Potions are less effective at restoring your health.
You expend magic power (3 MP) to strengthen your wands.


Message History

Huge Dmg: -20%(-11hp) hp: 22%(12hp)
You bump into the rock wall.
You are engulfed in poison gas.
You are more poisoned.
* * * LOW HITPOINT WARNING * * *
x2 You feel very sick.
Huge Dmg: -16%(-9hp) hp: 6%(3hp)
Your system partially rejects the healing.
You feel better.
You are engulfed in poison gas.
You are lethally poisoned!
* * * LOW HITPOINT WARNING * * *
x2 You feel sick.
Okay, then.
* * * LOW HITPOINT WARNING * * *
You feel sick.
Huge Dmg: -2%(-1hp) hp: 4%(2hp)
* * * LOW HITPOINT WARNING * * *
You feel sick.
Huge Dmg: -2%(-1hp) hp: 2%(1hp)
You die...
Xom laughs nastily!

#######.#####...
..........#...
#.......†.#.#
#.$.........#
#........†§##
#........#§##
#........#§.#
#...$....##§######
.......@....§......
###########..####..
##.# ..# #.# .$
###.# #<#.# #.#


There were no monsters in sight!

Vanquished Creatures
  Prince Ribbit (D:5)
  Menkaure (D:4)
  Edmund (D:5)
  An ogre (D:4)
  A bullfrog skeleton (D:4)
  A jelly (D:4)
  2 orc wizards (D:3)
  2 iguanas (D:4)
  2 worker ants (D:4)
  6 adders
  A worm (D:3)
  4 leopard geckos
  5 orcs (D:3)
  3 giant cockroaches
  6 hobgoblins
  17 jackals
  11 kobolds
  A quokka (D:1)
  A ball python (D:1)
  8 bats
  3 frilled lizards
  6 goblins
  A jackal skeleton (D:4)
  A quokka skeleton (D:4)
  7 rats
93 creatures vanquished.

Notes
Turn   | Place    | Note
-------+----------+-------------------------------------------
     0 | D:1      | Monsterracer the Demonspawn Chaos Knight began the quest for the Orb.
     0 | D:1      | Reached XP level 1. HP: 18/18 MP: 1/1
    16 | D:1      | Reached skill level 1 in Dodging
   155 | D:1      | XOM: harmless Necr miscast
   229 | D:1      | Gained mutation: You have a pair of small horns on your head. [demonic ancestry]
   229 | D:1      | Reached XP level 2. HP: 15/24 MP: 2/2
   230 | D:1      | HP: 12/24 [jackal (2)]
   368 | D:1      | XOM: harmless Pois miscast
   620 | D:1      | XOM: divination: magic mapping
   681 | D:1      | XOM: divination: detect creatures
   787 | D:2      | HP: 12/24 [poisoned by an adder]
   788 | D:2      | Gained mutation: You are partially covered in sharp spines. [demonic ancestry]
   788 | D:2      | Reached XP level 3. HP: 11/29 MP: 3/3
   793 | D:2      | HP: 9/29 [poisoned by an adder]
   801 | D:2      | HP: 8/29 [poisoned by an adder]
   860 | D:2      | HP: 10/29 [adder (3)]
   861 | D:2      | XOM: snakes to sticks
   986 | D:2      | XOM: give mutations
   986 | D:2      | Gained mutation: You expend magic power (3 MP) to strengthen your wands. [Xom's mischief]
   986 | D:2      | Gained mutation: Armour fits poorly on your strangely shaped body. [Xom's mischief]
  1172 | D:2      | Found a faded altar of an unknown god.
  1191 | D:2      | Fell from the grace of Xom
  1191 | D:2      | Became a worshipper of Ru the Awakened
  1216 | D:2      | Gained mutation: You cannot study or use magical devices. [Ru sacrifice]
  1216 | D:2      | Reached * piety under Ru
  1216 | D:2      | Reached ** piety under Ru
  1251 | D:2      | Reached XP level 4. HP: 35/35 MP: 4/4
  1365 | D:2      | XOM: give mutations
  1365 | D:2      | Gained mutation: You are weak. (Str -2) [Xom's mischief]
  1365 | D:2      | Gained mutation: You are clumsy. (Dex -2) [Xom's mischief]
  1408 | D:2      | XOM: give mutations
  1408 | D:2      | Gained mutation: Scrolls take you a little longer to read. [Xom's mischief]
  1408 | D:2      | Gained mutation: You are very weak. (Str -4) [Xom's mischief]
  1408 | D:2      | Gained mutation: You are frail. (-10% HP) [Xom's mischief]
  1408 | D:2      | Gained mutation: Potions are less effective at restoring your health. [Xom's mischief]
  1819 | D:3      | HP: 16/32 [orc/trident (5)]
  1840 | D:3      | Found a blossoming altar of Fedhas.
  1845 | D:3      | HP: 6/32 [orc wizard/magic dart (6)]
  1851 | D:3      | HP: 15/32 [orc wizard/magic dart (2)]
  1860 | D:3      | HP: 15/32 [orc wizard/dagger (1)]
  1868 | D:3      | HP: 12/32 [orc wizard/puff of frost (4)]
  1877 | D:3      | HP: 5/32 [orc wizard/dagger (5)]
  1895 | D:3      | HP: 5/33 [orc/flail (2)]
  2021 | D:2      | XOM: medium Chrm miscast
  2159 | D:3      | Reached XP level 5. HP: 33/37 MP: 5/5
  2477 | D:3      | XOM: medium Erth miscast
  2800 | D:3      | Found a hazy altar of Hepliaklqana.
  2969 | D:4      | Found Bocutori's Distillery.
  2975 | D:4      | HP: 18/37 [iguana (4)]
  2991 | D:4      | Bought a potion of might for 48 gold pieces
  2991 | D:4      | Bought a potion of curing for 36 gold pieces
  3149 | D:4      | Noticed Menkaure
  3503 | D:4      | Found a sparkling altar of Nemelex Xobeh.
  3517 | D:4      | Lost mutation: You are very weak. (Str -4) [potion of mutation]
  3517 | D:4      | Lost mutation: You are clumsy. (Dex -2) [potion of mutation]
  3517 | D:4      | Lost mutation: You are weak. (Str -2) [potion of mutation]
  3517 | D:4      | Lost mutation: You are frail. (-10% HP) [potion of mutation]
  3517 | D:4      | Lost mutation: Armour fits poorly on your strangely shaped body. [potion of mutation]
  3517 | D:4      | Gained mutation: You have an increased reservoir of magic. (+10% MP) [potion of mutation]
  3517 | D:4      | Gained mutation: You have sharp toenails. [potion of mutation]
  3517 | D:4      | Gained mutation: You evolve. [potion of mutation]
  3543 | D:4      | Gained mutation: You are mostly covered in sharp spines. [demonic ancestry]
  3543 | D:4      | Reached XP level 6. HP: 41/48 MP: 6/6
  3580 | D:4      | Found a bloodstained altar of Trog.
  3591 | D:4      | Killed Menkaure
  3638 | D:4      | Gained mutation: You have a pair of horns on your head. [demonic ancestry]
  3638 | D:4      | Reached XP level 7. HP: 55/55 MP: 7/7
  3742 | D:4      | Found a staircase to the Ecumenical Temple.
  3749 | D:4      | Reached skill level 5 in Fighting
  3796 | D:5      | XOM: noise
  3796 | D:5      | Entered Level 5 of the Dungeon
  3815 | D:5      | XOM: 2-stop teleportation journey
  3816 | D:5      | Noticed Edmund
  3829 | D:5      | HP: 25/56 [something (5)]
  3833 | D:5      | Killed Edmund
  3842 | D:5      | Noticed Prince Ribbit
  3842 | D:5      | Reached skill level 5 in Axes
  3845 | D:5      | Killed Prince Ribbit
  3845 | D:5      | HP: 19/56 [jackal (1)]
  3871 | D:5      | Gained mutation: You are dopey. (Int -2) [Ru sacrifice]
  3871 | D:5      | Reached *** piety under Ru
  3946 | D:5      | XOM: medium Air miscast
  3948 | D:5      | HP: 25/56 [something (4)]
  3949 | D:5      | HP: 12/56 [poison (poison gas)]
  3950 | D:5      | HP: 3/56 [poison (poison gas)]
  3954 | D:5      | HP: 1/56 [poison (poison gas)]
  3955 | D:5      | Succumbed to poison (poison gas)

Skill      XL: |  1  2  3  4  5  6  7 |
---------------+----------------------+-----
Dodging        | 1 2 3 |  3.4
Armour         | 2 3 |  3.7
Axes           | 3 4 5 |  5.3
Fighting       | 4 5 |  5.6

Action                   |  1- 3 |  4- 6 |  7- 9 || total
-------------------------+-------+-------+-------++-------
Melee: Hand axe          |   104 |   112 |    30 ||   246
       Headbutt          |     8 |    17 |     5 ||    30
       Kick              |       |     6 |     6 ||    12
Invok: Sacrifice Artific |     1 |       |       ||     1
       Sacrifice Purity  |       |       |     1 ||     1
  Use: Potion            |     3 |     5 |     2 ||    10
       Scroll            |       |     5 |     1 ||     6
 Stab: Paralysed         |     4 |     1 |       ||     5
       Sleeping          |     1 |     2 |     2 ||     5
       Confused          |       |     2 |       ||     2
       Invisible         |       |       |     1 ||     1
  Eat: Chunk             |     1 |     7 |     2 ||    10
Armor: Leather armour    |    38 |    28 |     1 ||    67
Dodge: Dodged            |    62 |    65 |    11 ||   138
